 Dungeon Crawl Stone Soup version 0.30-a0-760-g5a9884bb7c (webtiles) character file.

Game seed: 3368162637353747107

142 kingofthe the Sneak (level 5, 0/31 HPs)
             Began as an Octopode Fire Elementalist on Feb 11, 2023.
             Succumbed to an orc wizard's poison
             ... on level 3 of the Dungeon.
             The game lasted 00:07:29 (3112 turns).

kingofthe the Sneak (Octopode Fire Elementalist)    Turns: 3112, Time: 00:07:29

Health: 0/31       AC:  1    Str:  8    XL:     5   Next: 24%
Magic:  7/9        EV: 14    Int: 17    God:
Gold:   85         SH:  0    Dex: 14    Spells: 6/9 levels left

rFire   . . .      SeeInvis .    (no weapon)
rCold   . . .      Faith    .    (no shield)
rNeg    . . .      Spirit   .    (helmet restricted)
rPois   .          Reflect  .    (no amulet)
rElec   .          Harm     .    (no ring)
rCorr   .          Rampage  .    (no ring)
Will    .....                    (no ring)
Stlth   ++                       (no ring)
HPRegen 0.25/turn                (no ring)
MPRegen 0.11/turn                (no ring)
                                 (no ring)
                                 (no ring)

@: confused, lethally poisoned (0 -> -10)
A: almost no armour, amphibious, 8 rings, camouflage 1, gelatinous body 1,
(nimble swimmer 1), tentacles
a: no special abilities


You were on level 3 of the Dungeon.
You visited 1 branch of the dungeon, and saw 3 of its levels.

You collected 85 gold pieces.

Inventory:

Magical Staves
 m - a staff of cold
Jewellery
 l - a ring of protection from cold
Wands
 o - a wand of flame (13)
Scrolls
 d - 2 scrolls of butterflies {unknown}
 f - a scroll of vulnerability {unknown}
 h - 2 scrolls of identify {unknown}
 j - 4 scrolls of magic mapping {unknown}
 r - 3 scrolls of poison {unknown}
 s - a scroll of fear {unknown}
 t - a scroll of teleportation {unknown}
Potions
 a - a potion of magic
 b - a potion of brilliance {unknown}
 c - 3 potions of curing {unknown}
 e - a potion of invisibility {unknown}
 g - 3 potions of might
 i - 3 potions of lignification {unknown}
 k - a potion of berserk rage {unknown}
 n - a potion of mutation {unknown}
 p - a potion of ambrosia {unknown}
 q - a potion of heal wounds {unknown}


   Skills:
 * Level 3.3 Dodging
 + Level 3.9 Stealth
 + Level 2.6 Spellcasting
 + Level 2.1 Conjurations
 + Level 3.6 Fire Magic


You had 6 spell levels left.
You knew the following spells:

 Your Spells              Type           Power      Damage    Failure   Level
a - Foxfire               Conj/Fire      48%        2x1d6     5%          1
b - Scorch                Fire           28%        2d6       6%          2

Your spell library contained the following spells:

 Spells                   Type           Power      Damage    Failure   Level
 Inner Flame              Hex/Fire       8%         N/A       26%         3
 Kindle Blastsparks       Fire/Tloc/Air  12%        2d11      32%         3
 Flame Wave               Conj/Fire      12%        2d6       50%         4


Dungeon Overview and Level Annotations

Branches:
Dungeon (3/15)

Altars:

Shops:
D:2 !

Annotations:
D:3 2 transporters, exclusion: door, Spectrina's ghost, amateur MfHs


Innate Abilities, Weirdness & Mutations

You cannot wear most types of armour.
You are amphibious.
You can wear up to eight rings at the same time.
Your skin changes colour to match your surroundings (Stealth+).
Your rubbery body absorbs attacks. (AC +1, EV +1)
((You are camouflaged when in or above water. (Stealth+)))
You have tentacles for arms and can constrict up to eight enemies at once.


Message History

The orc wizard gestures at you while chanting.
You are confused.
The orc closely misses you.
A frilled lizard comes into view.
You're too confused to cast spells.
You closely miss the orc wizard.
The orc wizard is lightly wounded.
The foxfire hits the orc wizard.
The orc wizard is moderately wounded.
The foxfire hits the orc wizard.
The orc wizard is heavily wounded.
The adder misses you.
The orc wizard gestures at you while chanting.
You are more confused.
The orc hits you with a +0 short sword.
You bump into the rock wall.
The adder misses you. The orc wizard barely misses you.
The orc hits you with a +0 short sword.
The frilled lizard hisses.
The adder completely misses you.
You miss the adder.
The adder is severely wounded.
The orc wizard hits you with a +1 dagger of venom.
You are poisoned.
The orc hits you with a +0 short sword. The adder barely misses you.
The orc attacks as you move away! The orc hits you with a +0 short sword.
You feel very sick.
You're too confused to cast spells.
The adder attacks as you move away! The adder bites you.
The orc wizard attacks as you move away!
The orc wizard hits you with a +1 dagger of venom.
* * * LOW HITPOINT WARNING * * *
You are lethally poisoned!
* * * LOW HITPOINT WARNING * * *
You feel very sick. The adder misses you.
You bump into the rock wall.
* * * LOW HITPOINT WARNING * * *
You feel very sick. The adder bites you but does no damage.
You die...

####.## # +#+## #.....# #
.....####### #.....#####
...........# #.....'...'
........##.# #.....#####
........##.# #.....# #
........##.# #....[#####
........##.# #..........
.......o##@##########......
......loS..................
...>....##.#############.(.
############ #... #... #
.##...##..# #...
#.#..#.#..#.# ....
#.#..#.#..#.# ....
#..##...##..# ...#


You could see an orc wizard, an adder and a frilled lizard.

Vanquished Creatures
  Terence (D:3)
  An iguana (D:3)
  An adder (D:2)
  2 worms
  A dart slug (D:1)
  4 orcs
  10 bats
  9 endoplasms
  5 goblins
  6 hobgoblins
  7 kobolds
  8 quokkas
  4 ball pythons
  2 frilled lizards
  5 rats
66 creatures vanquished.

Vanquished Creatures (others)
  202 foxfires
202 creatures vanquished.

Grand Total: 268 creatures vanquished

Notes
Turn   | Place    | Note
-------+----------+-------------------------------------------
     0 | D:1      | kingofthe the Octopode Fire Elementalist began the quest
                  | for the Orb.
     0 | D:1      | Reached XP level 1. HP: 11/11 MP: 3/3
   214 | D:1      | Reached XP level 2. HP: 17/17 MP: 1/5
   994 | D:1      | Learned a level 2 spell: Scorch
  1006 | D:1      | Reached XP level 3. HP: 21/21 MP: 4/6
  1513 | D:2      | Found a faded altar of an unknown god.
  1665 | D:2      | Reached XP level 4. HP: 27/27 MP: 1/7
  1951 | D:2      | Found Ciycvaumu's Distillery.
  2469 | D:3      | Noticed Terence
  2483 | D:3      | Killed Terence
  2716 | D:3      | Reached XP level 5. HP: 12/31 MP: 0/9
  2794 | D:3      | Noticed Spectrina's ghost (amateur MfHs)
  2795 | D:3      | Found a transporter.
  2796 | D:3      | Noticed an ogre
  2797 | D:3      | Noticed an ogre
  2808 | D:3      | Found a transporter.
  3112 | D:3      | Succumbed to an orc wizard's poison

Illustrated notes

Levels and vault maps discovered:
D:1:      mushboom_english_gardens, layout_loops_ring, chequers_garden,
          roderic_lattice_a
D:2:      layout_loops_cross, hellmonk_ecumenical_altar_prayer_group,
          serial_shops, shop, grunt_decor_arrowhead
D:3:      layout_basic, gammafunk_ghost_smash, uniq_terence

Skill      XL: |  1  2  3  4 |
---------------+-------------+-----
Stealth        | 3 |  3.9
Dodging        | 3 |  3.3
Conjurations   | 2 |  2.1
Spellcasting   | |  2.6
Fire Magic     | |  3.6

Action                     |  1- 3 |  4- 6 || total
---------------------------+-------+-------++-------
  Melee: Unarmed           |    28 |    18 ||    46
         Constrict         |    15 |     4 ||    19
         Tentacles         |     4 |     5 ||     9
         Punch             |     1 |       ||     1
   Cast: Foxfire           |    69 |    55 ||   124
   Stab: Sleeping          |     1 |       ||     1
 Armour: Skin              |    10 |     1 ||    11
  Dodge: Dodged            |    31 |    18 ||    49

Table legend: (Time is in decaauts)
 A = Elapsed time spent in this place.
 B = Non-inter-level travel time spent in this place.
 C = Inter-level travel time spent in this place.
 D = Time resting spent in this place.
 E = Time spent auto-exploring this place.
 F = Levels seen in this place.
 G = Mean time per level.
                   A        B        C        D        E       F      G
               +--------+--------+--------+--------+--------+-----+--------+
         Total |   3112 |   3022 |     90 |    250 |   2283 |   3 | 1037.3 |
       Dungeon |   3112 |   3022 |     90 |    250 |   2283 |   3 | 1037.3 |
               +--------+--------+--------+--------+--------+-----+--------+

Top non-repeatable levels by time:
     D:1: 1341 daAuts
     D:2: 1018 daAuts
     D:3: 752 daAuts
